BR (22 & UNDER)
ROY EAGLE SQUADRON @ GRAND RAPIDS DUTCH OVENS
09/20/2030
 
TOP OF THE 1ST
Roy Eagle Squadron batting - Pitching for Grand Rapids Dutch Ovens : RHP Cristo Corona
Pitching: RHP Cristo Corona
Batting: RHB Juan Bruno 0-0: Foul Ball, location: 2F
0-1: Ball
1-1: Swinging Strike
1-2: SINGLE (Line Drive, 9S)
Batting: LHB Lee Cook 0-0: Fielders Choice at 2nd, 6-4 (Groundball, 6)
Batting: LHB Octávio Otero 0-0: Called Strike
0-1: Ball
1-1: Foul Ball, location: 2F
1-2: Ball
2-2: SINGLE (Line Drive, 56D)
Lee Cook to second
Batting: RHB Roberto Valentín 0-0: Swinging Strike
0-1: Foul Ball, location: 2F
0-2: Ball
1-2: Foul Ball, location: 2F
1-2: Foul Ball, location: 2F
1-2: Ball
2-2: Foul Ball, location: 2F
2-2: Ball
3-2: Grounds into double play, 4-6-3 (Groundball, 4M)
Top of the 1st over - 0 runs, 2 hits, 0 errors, 1 left on base; Roy 0 - Grand Rapids 0
BOTTOM OF THE 1ST
Grand Rapids Dutch Ovens batting - Pitching for Roy Eagle Squadron : LHP Guonçallo Caldas
Pitching: LHP Guonçallo Caldas
Batting: RHB Weldon Bell 0-0: Swinging Strike
0-1: Called Strike
0-2: Ball
1-2: Ball
2-2: Foul Ball, location: 2F
2-2: Ball
3-2: Foul Ball, location: 2F
3-2: Strikes out swinging
Batting: LHB Mike Richardson 0-0: Ball
1-0: Foul Ball, location: 2F
1-1: Swinging Strike
1-2: Ball
2-2: Foul Ball, location: 2F
2-2: Ball
3-2: SINGLE (Line Drive, 34D)
Batting: RHB Víctor López 0-0: Called Strike
0-1: Ball
1-1: Called Strike
1-2: Ball
2-2: Strikes out swinging
Batting: RHB Rich Bradley 0-0: DOUBLE (Line Drive, 78D)
Mike Richardson to third
Batting: LHB Michael Robertson 0-0: Fly out, F8 (Flyball, 89D)
Bottom of the 1st over - 0 runs, 2 hits, 0 errors, 2 left on base; Roy 0 - Grand Rapids 0
TOP OF THE 2ND
Roy Eagle Squadron batting - Pitching for Grand Rapids Dutch Ovens : RHP Cristo Corona
Batting: SHB Dwight Hill 0-0: Ground out 4-3 (Groundball, 4)
Batting: LHB Reynaldo Martínez 0-0: Bunt missed!
0-1: Ball
1-1: SINGLE (Line Drive, 6MD)
Batting: RHB Jack Jenkins 0-0: Ball
1-0: Swinging Strike
1-1: Ball
2-1: Ball
3-1: Swinging Strike
3-2: Strikes out swinging
Reynaldo Martínez is caught stealing 2nd base
Batter strikes out.
Top of the 2nd over - 0 runs, 1 hit, 0 errors, 0 left on base; Roy 0 - Grand Rapids 0
BOTTOM OF THE 2ND
Grand Rapids Dutch Ovens batting - Pitching for Roy Eagle Squadron : LHP Guonçallo Caldas
Batting: RHB Flint Ballard 0-0: Called Strike
0-1: Foul Ball, location: 2F
0-2: Ball
1-2: Fly out, F7 (Flyball, 78M)
Batting: LHB Warren Rincón 0-0: Foul Ball, location: 2F
0-1: Called Strike
0-2: Ground out U3 (Groundball, 3)
Batting: LHB Dustin Jones 0-0: Swinging Strike
0-1: Ground out U3 (Groundball, 3)
Bottom of the 2nd over - 0 runs, 0 hits, 0 errors, 0 left on base; Roy 0 - Grand Rapids 0
TOP OF THE 3RD
Roy Eagle Squadron batting - Pitching for Grand Rapids Dutch Ovens : RHP Cristo Corona
Batting: RHB Cal Cox 0-0: Called Strike
0-1: Ball
1-1: Foul Ball, location: 2F
1-2: Ball
2-2: Ball
3-2: Fly out, F5 (Popup, 5F)
Batting: RHB Diego Molina 0-0: Foul Ball, location: 2F
0-1: Ball
1-1: Called Strike
1-2: Ball
2-2: Foul Ball, location: 2F
2-2: Ball
3-2: Strikes out swinging
Batting: RHB Juan Bruno 0-0: Foul Ball, location: 2F
0-1: Foul Ball, location: 2F
0-2: Ball
1-2: Ball
2-2: SINGLE (Groundball, 4D)
Batting: LHB Lee Cook 0-0: Ball
Juan Bruno is caught stealing 2nd base
Top of the 3rd over - 0 runs, 1 hit, 0 errors, 0 left on base; Roy 0 - Grand Rapids 0
BOTTOM OF THE 3RD
Grand Rapids Dutch Ovens batting - Pitching for Roy Eagle Squadron : LHP Guonçallo Caldas
Batting: LHB Marshall Dunn 0-0: Ball
1-0: Ball
2-0: Foul Ball, location: 2F
2-1: Ground out 6-3 (Groundball, 6S)
Batting: RHB Weldon Bell 0-0: Ball
1-0: Ground out 6-3 (Groundball, 6M)
Batting: LHB Mike Richardson 0-0: Fly out, F8 (Flyball, 8RD)
Bottom of the 3rd over - 0 runs, 0 hits, 0 errors, 0 left on base; Roy 0 - Grand Rapids 0
TOP OF THE 4TH
Roy Eagle Squadron batting - Pitching for Grand Rapids Dutch Ovens : RHP Cristo Corona
Batting: LHB Lee Cook 0-0: Ball
1-0: Foul Ball, location: 2F
1-1: Called Strike
1-2: Ground out 1-3 (Groundball, 13S)
Batting: LHB Octávio Otero 0-0: Ball
1-0: Foul Ball, location: 2F
1-1: SINGLE (Groundball, 56) (infield hit)
Batting: RHB Roberto Valentín 0-0: Called Strike
0-1: Called Strike
0-2: Ball
1-2: Foul Ball, location: 2F
1-2: Ball
2-2: Fly out, F6 (Line Drive, 56)
Batting: SHB Dwight Hill 0-0: Ball
1-0: Swinging Strike
1-1: Foul Ball, location: 2F
1-2: Foul Ball, location: 2F
1-2: Ball
2-2: Strikes out swinging
Top of the 4th over - 0 runs, 1 hit, 0 errors, 1 left on base; Roy 0 - Grand Rapids 0
BOTTOM OF THE 4TH
Grand Rapids Dutch Ovens batting - Pitching for Roy Eagle Squadron : LHP Guonçallo Caldas
Batting: RHB Víctor López 0-0: Ball
1-0: Called Strike
1-1: Ball
2-1: Foul Ball, location: 2F
2-2: Strikes out swinging
Batting: RHB Rich Bradley 0-0: Called Strike
0-1: Ball
1-1: Ball
2-1: Foul Ball, location: 2F
2-2: DOUBLE (Line Drive, 7LD)
Batting: LHB Michael Robertson 0-0: Called Strike
0-1: Ball
1-1: Ground out U3 (Groundball, 3)
Rich Bradley to third
Batting: RHB Flint Ballard 0-0: Ground out 6-3 (Groundball, 6S)
Bottom of the 4th over - 0 runs, 1 hit, 0 errors, 1 left on base; Roy 0 - Grand Rapids 0
TOP OF THE 5TH
Roy Eagle Squadron batting - Pitching for Grand Rapids Dutch Ovens : RHP Cristo Corona
Batting: LHB Reynaldo Martínez 0-0: SINGLE (Line Drive, 78M)
Batting: RHB Jack Jenkins 0-0: Called Strike
0-1: Ball
1-1: Ball
2-1: Reached on error, E6 (Groundball, 6M)
Reynaldo Martínez to second
Batting: RHB Cal Cox 0-0: Ball
1-0: Called Strike
1-1: Ball
2-1: Called Strike
2-2: DOUBLE (Line Drive, 5D)
Reynaldo Martínez scores
Jack Jenkins to third
Runner from 3rd tries for Home, SAFE, no throw
Batting: RHB Diego Molina 0-0: Called Strike
0-1: Ball
1-1: DOUBLE (Flyball, 78D)
Cal Cox scores
Batting: RHB Juan Bruno 0-0: Ball
1-0: Swinging Strike
1-1: Foul Ball, location: 2F
1-2: Ball
2-2: Ball
3-2: Base on Balls
Pitching: RHP Jesús Gonzáles
Batting: LHB Lee Cook 0-0: Called Strike
0-1: Swinging Strike
0-2: Ball
1-2: Strikes out swinging
Batting: LHB Octávio Otero 0-0: Ball
1-0: Swinging Strike
1-1: Foul Ball, location: 2F
1-2: Ball
2-2: Ball
3-2: Foul Ball, location: 2F
3-2: Fielders Choice at 2nd, 4-6 (Groundball, 4M)
Diego Molina to third
Batting: RHB Roberto Valentín 0-0: Called Strike
0-1: Ball
1-1: Swinging Strike
1-2: Ball
Passed Ball!
Diego Molina scores
Octávio Otero to second
2-2: Strikes out swinging
Top of the 5th over - 4 runs, 3 hits, 1 error, 1 left on base; Roy 4 - Grand Rapids 0
BOTTOM OF THE 5TH
Grand Rapids Dutch Ovens batting - Pitching for Roy Eagle Squadron : LHP Guonçallo Caldas
Batting: LHB Warren Rincón 0-0: Foul Ball, location: 2F
0-1: Foul Ball, location: 2F
0-2: SINGLE (Line Drive, 9S)
Batting: LHB Dustin Jones 0-0: Ball
1-0: Foul Ball, location: 2F
1-1: DOUBLE (Line Drive, 89D)
Warren Rincón to third
Batting: LHB Marshall Dunn 0-0: Called Strike
0-1: Ball
1-1: Ball
2-1: Ball
3-1: Swinging Strike
3-2: Strikes out swinging
Batting: RHB Weldon Bell 0-0: Ball
1-0: Fly out, F6 (Popup, 6)
Batting: LHB Mike Richardson 0-0: Called Strike
0-1: Ball
1-1: Ball
2-1: Ball
3-1: Base on Balls
Batting: RHB Víctor López 0-0: Fielders Choice at 2nd, 5-4 (Groundball, 56)
Bottom of the 5th over - 0 runs, 2 hits, 0 errors, 3 left on base; Roy 4 - Grand Rapids 0
TOP OF THE 6TH
Roy Eagle Squadron batting - Pitching for Grand Rapids Dutch Ovens : RHP Jesús Gonzáles
Batting: SHB Dwight Hill 0-0: Called Strike
0-1: DOUBLE (Line Drive, 9LM)
Batting: LHB Reynaldo Martínez 0-0: Called Strike
0-1: Ball
1-1: Ball
2-1: Ball
3-1: Foul Ball, location: 2F
3-2: Base on Balls
Batting: RHB Jack Jenkins 0-0: Ball
1-0: Ball
2-0: Ball
3-0: Called Strike
3-1: Foul Ball, location: 2F
3-2: Strikes out swinging
Batting: RHB Cal Cox 0-0: Foul Ball, location: 2F
0-1: Grounds into double play, 4-6-3 (Groundball, 4)
Top of the 6th over - 0 runs, 1 hit, 0 errors, 1 left on base; Roy 4 - Grand Rapids 0
BOTTOM OF THE 6TH
Grand Rapids Dutch Ovens batting - Pitching for Roy Eagle Squadron : LHP Guonçallo Caldas
Batting: RHB Rich Bradley 0-0: Called Strike
0-1: SINGLE (Groundball, 6D)
Batting: LHB Michael Robertson 0-0: Swinging Strike
0-1: Ball
1-1: Ball
2-1: Foul Ball, location: 2F
2-2: Fly out, F7 (Flyball, 7D)
Batting: RHB Flint Ballard 0-0: Swinging Strike
0-1: Reached on error, E5 (Groundball, 56)
Rich Bradley to second
Batting: LHB Warren Rincón 0-0: SINGLE (Line Drive, 56D)
Rich Bradley to third
Flint Ballard to second
Runner from 3rd tries for Home, SAFE, no throw
Pitching: RHP Mitch Dawson
Batting: LHB Dustin Jones 0-0: Ball
1-0: Called Strike
1-1: Ball
2-1: Foul Ball, location: 2F
2-2: Foul Ball, location: 2F
2-2: Hit by Pitch
Flint Ballard to third
Warren Rincón to second
Batting: LHB Marshall Dunn 0-0: Foul Ball, location: 2F
0-1: Ball
1-1: Swinging Strike
1-2: Strikes out looking
Batting: RHB Weldon Bell 0-0: Called Strike
0-1: SINGLE (Line Drive, 56D)
Flint Ballard scores
Warren Rincón to third
Dustin Jones to second
Runner from 3rd tries for Home, SAFE, no throw
Batting: LHB Mike Richardson 0-0: Called Strike
0-1: Ground out 4-3 (Groundball, 4)
Bottom of the 6th over - 3 runs, 3 hits, 1 error, 2 left on base; Roy 4 - Grand Rapids 3
TOP OF THE 7TH
Roy Eagle Squadron batting - Pitching for Grand Rapids Dutch Ovens : RHP Jesús Gonzáles
Batting: RHB Diego Molina 0-0: Called Strike
0-1: Swinging Strike
0-2: Ball
1-2: Strikes out swinging
Batting: RHB Juan Bruno 0-0: Called Strike
0-1: Ball
1-1: Ball
2-1: Called Strike
2-2: Ball
3-2: Strikes out swinging
Batting: LHB Lee Cook 0-0: Ball
1-0: Called Strike
1-1: Called Strike
1-2: Foul Ball, location: 2F
1-2: Strikes out swinging
Top of the 7th over - 0 runs, 0 hits, 0 errors, 0 left on base; Roy 4 - Grand Rapids 3
BOTTOM OF THE 7TH
Grand Rapids Dutch Ovens batting - Pitching for Roy Eagle Squadron : RHP Mitch Dawson
Batting: RHB Víctor López 0-0: Called Strike
0-1: Foul Ball, location: 2F
0-2: Ground out 6-3 (Groundball, 6)
Batting: RHB Rich Bradley 0-0: Foul Ball, location: 2F
0-1: Ball
1-1: Ground out U3 (Groundball, 34S)
Batting: LHB Michael Robertson 0-0: Ball
1-0: Called Strike
1-1: Ball
2-1: Ground out 6-3 (Groundball, 6)
Bottom of the 7th over - 0 runs, 0 hits, 0 errors, 0 left on base; Roy 4 - Grand Rapids 3
TOP OF THE 8TH
Roy Eagle Squadron batting - Pitching for Grand Rapids Dutch Ovens : RHP Jesús Gonzáles
Pitching: RHP Orlando Madrid
Batting: LHB Octávio Otero 0-0: Foul Ball, location: 2F
0-1: Fly out, F8 (Flyball, 8RD)
Batting: RHB Roberto Valentín 0-0: Foul Ball, location: 2F
0-1: Swinging Strike
0-2: Ball
1-2: SINGLE (Groundball, 56D)
Batting: SHB Dwight Hill 0-0: Ball
Wild Pitch!
Roberto Valentín to second
1-0: Fly out, F9 (Flyball, 9LS)
Batting: LHB Reynaldo Martínez 0-0: Called Strike
0-1: Swinging Strike
0-2: Ball
1-2: Ground out 6-3 (Groundball, 6)
Top of the 8th over - 0 runs, 1 hit, 0 errors, 1 left on base; Roy 4 - Grand Rapids 3
BOTTOM OF THE 8TH
Grand Rapids Dutch Ovens batting - Pitching for Roy Eagle Squadron : RHP Mitch Dawson
Batting: RHB Flint Ballard 0-0: Ball
1-0: Foul Ball, location: 2F
1-1: Fly out, F6 (Line Drive, 6)
Batting: LHB Warren Rincón 0-0: Ball
1-0: Called Strike
1-1: Foul Ball, location: 2F
1-2: Ball
2-2: Strikes out swinging
Batting: LHB Dustin Jones 0-0: Foul Ball, location: 2F
0-1: Swinging Strike
0-2: SINGLE (Line Drive, 7LS)
Pitching: RHP Mike Williams
Batting: LHB Marshall Dunn 0-0: Ball
1-0: Ground out 4-3 (Groundball, 4)
Bottom of the 8th over - 0 runs, 1 hit, 0 errors, 1 left on base; Roy 4 - Grand Rapids 3
TOP OF THE 9TH
Roy Eagle Squadron batting - Pitching for Grand Rapids Dutch Ovens : RHP Orlando Madrid
Batting: RHB Jack Jenkins 0-0: Ground out 5-3 (Groundball, 56)
Batting: RHB Cal Cox 0-0: Ball
1-0: Fly out, F6 (Popup, 6MD)
Batting: RHB Diego Molina 0-0: Fly out, F8 (Flyball, 8RM)
Top of the 9th over - 0 runs, 0 hits, 0 errors, 0 left on base; Roy 4 - Grand Rapids 3
BOTTOM OF THE 9TH
Grand Rapids Dutch Ovens batting - Pitching for Roy Eagle Squadron : RHP Mike Williams
Pitching: LHP Jason Mills
Now at 3B: Ryan Campbell
Batting: RHB Weldon Bell 0-0: Swinging Strike
0-1: Ball
1-1: Ground out 1-3 (Groundball, 15S)
Pinch Hitting: RHB Earl Davis 0-0: Called Strike
0-1: Ball
1-1: Called Strike
1-2: Ball
2-2: Ball
3-2: Foul Ball, location: 2F
3-2: Foul Ball, location: 2F
3-2: Foul Ball, location: 2F
3-2: Base on Balls
Pinch Runner at 1st José Martínez:
Batting: RHB Víctor López 0-0: Called Strike
0-1: Ball
1-1: Swinging Strike
1-2: Ball
2-2: Foul Ball, location: 2F
2-2: Foul Ball, location: 2F
2-2: Strikes out swinging
Batting: RHB Rich Bradley 0-0: Swinging Strike
0-1: Ball
1-1: Ball
2-1: SINGLE (Groundball, 4D)
José Martínez to second
Runner from 2nd tries for 3rd, SAFE, no throw
Batting: LHB Michael Robertson 0-0: Swinging Strike
0-1: Ball
1-1: Called Strike
1-2: Foul Ball, location: 2F
1-2: Foul Ball, location: 2F
1-2: Foul Ball, location: 2F
1-2: Strikes out swinging
Bottom of the 9th over - 0 runs, 1 hit, 0 errors, 2 left on base; Roy 4 - Grand Rapids 3
Saturday, April 7th, 2018 - OOTP Baseball 18.8 Build 76